 Dungeon Crawl Stone Soup version 0.29-a0-542-g075992c915 (webtiles) character file.

Game seed: 4808207616997411997

334 dolemite99 the Cudgeller (level 6, -5/47 HPs)
             Began as a Demonspawn Fighter on June 3, 2022.
             Was a Plaything of Xom.
             Slain by an orc wizard
             ... wielding a +0 battleaxe
              (9 damage)
             ... on level 4 of the Dungeon.
             The game lasted 00:02:59 (3759 turns).

dolemite99 the Cudgeller (Demonspawn Fighter)       Turns: 3759, Time: 00:03:00

Health: -5/47      AC:  9    Str: 20    XL:     6   Next: 27%
Magic:  6/6        EV: 10    Int: 10    God:    Xom [..*...]
Gold:   109        SH:  4    Dex: 12    Spells: 5/5 levels left

rFire   . . .      SeeInvis .   a - +0 flail
rCold   . . .      Faith    .   c - +0 buckler
rNeg    . . .      Spirit   .   o - +4 leather armour of Faowut {Will+ Str+2}
rPois   .          Reflect  .   (helmet restricted)
rElec   .          Harm     .   (no cloak)
rCorr   .          Rampage  .   (no gloves)
Will    +....                   (no boots)
Stlth   +.........              (no amulet)
HPRegen 0.15/turn               (no ring)
MPRegen 0.10/turn               (no ring)

@: lethally poisoned (-5 -> -11)
A: horns 2, icy blue scales 1, powered by pain 1
a: Renounce Religion


You were on level 4 of the Dungeon.
You worshipped Xom.
You were a toy of Xom.
You visited 1 branch of the dungeon, and saw 4 of its levels.
You also visited: Sewer.

You collected 109 gold pieces.

Inventory:

Hand Weapons
 a - a +0 flail (weapon)
Armour
 b - a +0 scale mail
 c - a +0 buckler (worn)
 k - +0 fire dragon scales
 n - a +0 kite shield
 o - the +4 leather armour of Faowut (worn) {Will+ Str+2}
   (You found it in a sewer)

   Str:       It affects your strength (+2).
   Will:      It increases your willpower.
Jewellery
 e - a +6 ring of intelligence
 j - a +4 ring of evasion
Scrolls
 d - 2 scrolls of teleportation {unknown}
 g - 4 scrolls of identify {unknown}
 m - 2 scrolls of fog {unknown}
 p - 2 scrolls of vulnerability {unknown}
 q - a scroll of magic mapping {unknown}
Potions
 h - a potion of resistance {unknown}
 i - a potion of brilliance {unknown}
 l - a potion of haste {unknown}
 r - 3 potions of mutation {unknown}


   Skills:
 - Level 3.0 Fighting
 + Level 6.1 Maces & Flails
 - Level 2.6 Armour
 - Level 2.6 Shields


You had 5 spell levels left.
You didn't know any spells.
Your spell library contained the following spells:

 Spells                   Type           Power      Damage    Failure   Level
 Scorch                   Fire           0%         2d5       65%         2
 Flame Wave               Conj/Fire      0%         2d4       99%         4
 Summon Cactus Giant      Summ           0%         N/A       100%        6


Dungeon Overview and Level Annotations

Branches:
Dungeon (4/15)              Sewer (visited)
 Temple: D:4-7

Altars:
Nemelex Xobeh
Xom

Annotations:
D:1 1 runed translucent door


Innate Abilities, Weirdness & Mutations

You have a pair of horns on your head.
You are partially covered in icy blue scales. (AC +2)
You sometimes gain a little power by taking damage.


Message History

* * * LOW HITPOINT WARNING * * *
The orc throws a stone.
The stone completely misses you. The adder bites you but does no damage.
Something hits you but does no damage. The adder bites you but does no damage.
The orc throws a stone.
The stone completely misses you. The orc closely misses you.
You're too confused to move!
The adder barely misses you.
The orc hits you from afar with a +0 trident.
* * * LOW HITPOINT WARNING * * *
Something hits you but does no damage.
It was a potion of curing.
You feel better.
Xom thinks this is hilarious!
The adder bites you but does no damage.
The orc hits you from afar with a +0 trident.
The orc hits you with a +0 club. Something hits you.
* * * LOW HITPOINT WARNING * * *
You feel better. The adder bites you but does no damage.
The orc closely misses you. The orc barely misses you. Something hits you.
You closely miss the adder.
The adder is heavily wounded.
You hear the slow hiss of an avalanche of sand nearby.
You block the adder's attack. The adder closely misses you.
You block the orc's attack. The orc hits you with a +0 club.
* * * LOW HITPOINT WARNING * * *
Something hits you.
* * * LOW HITPOINT WARNING * * *
You feel better. The adder bites you.
* * * LOW HITPOINT WARNING * * *
You are poisoned.
The adder poisons you!
The orc hits you from afar with a +0 trident!
* * * LOW HITPOINT WARNING * * *
The orc closely misses you. Something hits you but does no damage.
Okay, then.
Unknown command.
You closely miss the adder.
The adder is heavily wounded.
* * * LOW HITPOINT WARNING * * *
You feel sick. The adder closely misses you. The orc barely misses you. x2
Something hits you!
You die...

# ...............
#...#. #...........
...#.##...........
#.#.#.†..#.......
##........##......
#.....<.#..#......
#.................
(##.....S.##.#......
.......@...###......
...$#...o..# ...##
... #..)o..# ## .
#.....#..#
#.....#...#
......##..## ......#
#.# ...... .. .....
...


You could see an adder and 2 orcs.

Vanquished Creatures
  Pargi (Sewer)
  A scorpion (D:4)
  Jessica (D:3)
  An orc wizard (D:4)
  4 gnolls (D:3)
  2 adders (D:2)
  2 worms
  2 dart slugs
  2 orcs (D:3)
  2 endoplasms
  2 giant cockroaches
  5 goblins
  4 hobgoblins
  2 jackals (D:2)
  4 kobolds
  3 quokkas
  A ball python (D:2)
  2 bats
  3 frilled lizards
  8 rats
52 creatures vanquished.

Vanquished Creatures (collateral kills)
  2 gnolls (D:3)
2 creatures vanquished.

Grand Total: 54 creatures vanquished

Notes
Turn   | Place    | Note
-------+----------+-------------------------------------------
     0 | D:1      | dolemite99 the Demonspawn Fighter began the quest for the
                  | Orb.
     0 | D:1      | Reached XP level 1. HP: 18/18 MP: 1/1
     1 | D:1      | Found a runed translucent door.
    43 | D:1      | Reached skill level 2 in Maces & Flails
   457 | D:1      | Gained mutation: You sometimes gain a little power by
                  | taking damage. [demonic ancestry]
   457 | D:1      | Reached XP level 2. HP: 24/24 MP: 2/2
  1317 | D:2      | Reached skill level 3 in Maces & Flails
  1317 | D:2      | Gained mutation: You have a pair of small horns on your
                  | head. [demonic ancestry]
  1317 | D:2      | Reached XP level 3. HP: 21/29 MP: 3/3
  1577 | D:2      | Found a faded altar of an unknown god.
  1664 | D:2      | Prayed at the altar of an unknown god.
  1664 | D:2      | Became a worshipper of Xom the Less-Predictable
  1693 | D:2      | XOM: silly message
  1804 | D:2      | Found a sparkling altar of Nemelex Xobeh.
  2706 | D:3      | Found a glowing drain.
  2717 | Sewer    | Entered a sewer
  2732 | Sewer    | Identified the +4 leather armour of Faowut {Will+ Str+2}
  2839 | Sewer    | Noticed Pargi
  2848 | Sewer    | XOM: silly message
  2850 | Sewer    | Killed Pargi
  2851 | Sewer    | Reached skill level 4 in Maces & Flails
  2851 | Sewer    | Gained mutation: You have a pair of horns on your head.
                  | [demonic ancestry]
  2851 | Sewer    | Reached XP level 4. HP: 22/35 MP: 4/4
  2851 | Sewer    | Gained mutation: You are partially covered in icy blue
                  | scales. (AC +2) [demonic ancestry]
  2851 | Sewer    | Reached XP level 5. HP: 26/41 MP: 5/5
  3027 | D:3      | Reached skill level 5 in Maces & Flails
  3027 | D:3      | XOM: divination: detect items
  3126 | D:3      | XOM: 1-stop teleportation journey
  3521 | D:3      | XOM: noise
  3580 | D:3      | Noticed Jessica
  3584 | D:3      | XOM: enchant monster (good)
  3594 | D:3      | Killed Jessica
  3622 | D:3      | XOM: cloud trail
  3713 | D:4      | Reached skill level 6 in Maces & Flails
  3713 | D:4      | Reached XP level 6. HP: 43/47 MP: 6/6
  3735 | D:4      | XOM: noise
  3759 | D:4      | Slain by an orc wizard

Illustrated notes

Levels and vault maps discovered:
D:1:      dpeg_arrival_caged_fury, layout_basic, hex_large, nicolae_wormholes
D:2:      layout_loops_corners, basic_altar, basic_ecumenical_altar,
          chequers_garden
D:3:      layout_loops_ring, cheibrodos_sewer_entry_drain, uniq_jessica
D:4:      layout_cave_pools, grunt_temple_overflow_open, temple_hall,
          nicolae_ossuary_entry_ruins, uniq_blork_the_orc

Skill      XL: |  1  2  3  4  5 |
---------------+----------------+-----
Maces & Flails | 2 3 4 6 |  6.1
Fighting       | |  3.0
Armour         | |  2.6
Shields        | |  2.6

Action                   |  1- 3 |  4- 6 || total
-------------------------+-------+-------++-------
Melee: Flail             |   134 |    40 ||   174
       Headbutt          |     5 |     6 ||    11
  Use: Potion            |     1 |     3 ||     4
Armor: Scale mail        |    26 |       ||    26
       Fire dragon scale |    34 |       ||    34
       Leather armour    |    17 |    25 ||    42
Dodge: Dodged            |    66 |    35 ||   101
Block: Buckler           |    38 |     7 ||    45

Table legend: (Time is in decaauts)
 A = Elapsed time spent in this place.
 B = Non-inter-level travel time spent in this place.
 C = Inter-level travel time spent in this place.
 D = Time resting spent in this place.
 E = Time spent auto-exploring this place.
 F = Levels seen in this place.
 G = Mean time per level.
                   A        B        C        D        E       F      G
               +--------+--------+--------+--------+--------+-----+--------+
         Total |   3806 |   3695 |    111 |    571 |   2492 |   5 |  761.2 |
       Dungeon |   3509 |   3398 |    111 |    571 |   2276 |   4 |  877.2 |
         Sewer |    297 |    297 |      0 |      0 |    216 |   1 |  297.0 |
               +--------+--------+--------+--------+--------+-----+--------+

Top non-repeatable levels by time:
     D:2: 1314 daAuts
     D:1: 1289 daAuts
     D:3: 853 daAuts
   Sewer: 297 daAuts
     D:4: 51 daAuts
